 Dungeon Crawl Stone Soup version 0.21.1-1-g345015f (webtiles) character file.

78 microfolk the Caller (level 4, -13/30 HPs)
             Began as a Merfolk Summoner on Apr 23, 2018.
             Killed by divine providence
             ... invoked by an orc priest
              (17 damage)
             ... on level 3 of the Dungeon.
             The game lasted 00:10:39 (3293 turns).

microfolk the Caller (Merfolk Summoner)             Turns: 3293, Time: 00:10:40

Health: -13/30     AC:  2    Str:  8    XL:     4   Next: 36%
Magic:  2/8        EV: 14    Int: 15    God:
Gold:   114        SH:  0    Dex: 14    Spells: 2/8 levels left

rFire    . . .     SeeInvis .   p - +0 dagger
rCold    . . .     Gourm    .   (no shield)
rNeg     . . .     Faith    .   a - +0 robe
rPois    .         Spirit   .   (no helmet)
rElec    .         Reflect  .   (no cloak)
rCorr    .         Harm     .   (no gloves)
MR       .....                  (no boots)
Stlth    ++........             (no amulet)
HPRegen  0.10/turn              q - ring of flight
MPRegen  0.11/turn              (no ring)

@: no status effects
A: change form in water, swift swim, stealthy swim
a: Evoke Flight


You were on level 3 of the Dungeon.
You were not hungry.

You visited 1 branch of the dungeon, and saw 3 of its levels.

You collected 114 gold pieces.

Inventory:

Hand Weapons
 d - a +0 short sword
 p - a +0 dagger (weapon)
 r - a +0 hunting sling
Missiles
 g - 67 stones (quivered)
Armour
 a - a +0 robe (worn)
 u - a +0 ring mail
 v - a +0 pair of boots
Jewellery
 q - a ring of flight (left hand)
Scrolls
 e - a scroll of blinking
 f - a scroll of identify {unknown}
 i - a scroll of amnesia {unknown}
 k - a scroll of fog {unknown}
 l - a scroll of enchant weapon {unknown}
 m - a scroll of noise {unknown}
 n - a scroll of enchant armour {unknown}
 s - 3 scrolls of magic mapping
 t - 2 scrolls of remove curse
Potions
 h - a potion of haste {unknown}
 j - 2 potions of curing {unknown}
Books
 b - a book of Callings

   Spells                             Type                      Level
   a - Summon Small Mammal            Summoning                    1
   b - Call Imp                       Summoning                    2
   c - Call Canine Familiar           Summoning                    3
   d - Summon Guardian Golem          Hexes/Summoning              3
   e - Summon Lightning Spire         Summoning/Air                4
   f - Summon Ice Beast               Ice/Summoning                4
Comestibles
 c - 4 rations
 o - 17 chunks of flesh


   Skills:
 + Level 4.0 Dodging
 - Level 2.1 Stealth
 + Level 2.8 Spellcasting
 + Level 4.6 Summonings


You had 2 spell levels left.
You knew the following spells:

 Your Spells              Type           Power        Failure   Level  Hunger
a - Summon Small Mammal   Summ           ###.         3%          1    #......
b - Call Imp              Summ           ###.....     4%          2    ##.....
c - Call Canine Familiar  Summ           ###.....     9%          3    ###....


Dungeon Overview and Level Annotations

Branches:
Dungeon (3/15)

Altars:
Ashenzari
Gozag
Sif Muna

Shops:
D:3 *

Annotations:
D:1 1 exclusion


Message History

The adder closely misses your rat.
Your rat barely misses the orc.
You hit the orc priest.
The orc priest is lightly wounded.
The orc priest hits you. The adder bites your rat.
Your rat dies!
Your rat's corpse disappears in a puff of smoke!
The orc barely misses you.
You barely miss the orc priest.
The orc priest is lightly wounded.
The orc priest hits you. The orc hits you with a short sword.
The adder closely misses you.
The orc priest mumbles some strange prayers to Beogh against you.
Beogh smites you!
* * * LOW HITPOINT WARNING * * *
The orc completely misses you.
Your crimson imp disappears in a puff of smoke!
The orc priest mumbles some strange prayers to Beogh against you.
Beogh smites you!
Ouch! That really hurt!
You die...

########
#......# #
#......####..###
#.....S.........
#...@oo####.#..#
#.....ยง####.#
#.....>.....#
#.......#.S.#
#.......# ....
##
#..)....##.#.o
.# ###)###.#.. .
.# #.# .#.# .
#.# ...# . ##


You could see an orc priest, 2 adders and an orc.

Vanquished Creatures
  A leopard gecko (D:3)
  A kobold (D:3)
  A rat (D:2)
3 creatures vanquished.

Vanquished Creatures (collateral kills)
  5 adders
  A dart slug (D:2)
  2 leopard geckos
  9 orcs
  7 bats
  A giant cockroach (D:1)
  3 goblins
  9 hobgoblins
  3 jackals (D:2)
  A quokka (D:3)
  7 frilled lizards
  9 kobolds
  6 rats
63 creatures vanquished.

Grand Total: 66 creatures vanquished

Notes
Turn   | Place    | Note
-------+----------+-------------------------------------------
     0 | D:1      | microfolk the Merfolk Summoner began the quest for the Orb.
     0 | D:1      | Reached XP level 1. HP: 13/13 MP: 3/3
   671 | D:1      | Reached XP level 2. HP: 11/19 MP: 0/5
  1484 | D:2      | Learned a level 2 spell: Call Imp
  1726 | D:2      | Reached XP level 3. HP: 23/24 MP: 4/6
  1731 | D:2      | Learned a level 3 spell: Call Canine Familiar
  2228 | D:2      | Found a deep blue altar of Sif Muna.
  2230 | D:2      | Found a shattered altar of Ashenzari.
  2975 | D:3      | Reached XP level 4. HP: 23/30 MP: 1/8
  3042 | D:3      | Found an opulent altar of Gozag.
  3050 | D:3      | Found Gozag's Platinum Reserve.
  3293 | D:3      | Killed from afar by an orc priest

Skill      XL: |  1  2  3  4 |
---------------+-------------+-----
Dodging        | 3 4 |  4.0
Stealth        | |  2.1
Spellcasting   | |  2.8
Summonings     | |  4.6

Action                   |  1- 3 |  4- 6 || total
-------------------------+-------+-------++-------
Melee: Unarmed           |     1 |       ||     1
       Dagger            |    23 |     8 ||    31
Throw: Stone             |     8 |     2 ||    10
 Cast: Summon Small Mamm |    71 |    10 ||    81
       Call Imp          |    13 |     4 ||    17
       Call Canine Famil |     1 |     3 ||     4
  Use: Scroll            |     4 |       ||     4
  Eat: Chunk             |     8 |     2 ||    10
Armor: Robe              |    16 |     7 ||    23
Dodge: Dodged            |    86 |    21 ||   107
